 Dungeon Crawl Stone Soup version 0.31-a0-1272-g9f703e4c1d (webtiles) character file.

Game seed: 5475086907543162594

16191 Bnni the Skirmisher (level 12, -5/64 HPs)
             Began as a Spriggan Hunter on Dec 17, 2023.
             Was a High Priest of Fedhas.
             Constricted to death by Jorgrun (11 damage)
             ... on level 12 of the Dungeon.
             The game lasted 00:23:16 (11455 turns).

Bnni the Skirmisher (Spriggan Hunter)              Turns: 11455, Time: 00:23:16

Health: -5/64      AC:  7    Str:  7    XL:     12   Next: 7%
Magic:  0/18       EV: 31    Int:  8    God:    Fedhas [*****.]
Gold:   786        SH:  0    Dex: 23    Spells: 11/11 levels left

rFire   + + .        K - +0 dagger (venom)
rCold   + . .        (no shield)
rNeg    . . .        I - +2 robe {Will+}
rPois   +            v - +2 hat
rElec   .            M - +0 cloak
rCorr   .            (gloves unavailable)
SInv    +            (boots unavailable)
Will    +++..        N - amulet of guardian spirit
Stlth   ++           R - +5 ring of evasion
HPRegen 0.30/turn    L - ring "Taerigee" {rPois rF++ rC+ Int-3}
MPRegen 0.16/turn

%: guardian spirit
@: grasped by roots, constricted, studying Short Blades, invisible, very quick
A: very small, no large weapons, unfitting armour, see invisible, speed 3
a: Renounce Religion, Wall of Briars, Grow Ballistomycete, Overgrow, Grow Oklob


You were on level 12 of the Dungeon.
You worshipped Fedhas.
Fedhas was extremely pleased with you.
You visited 2 branches of the dungeon, and saw 13 of its levels.

You collected 1214 gold pieces.
You spent 428 gold pieces at shops.

Inventory:

Hand Weapons
 q - a +0 double sword
 z - a +0 orcbow
 K - a +0 dagger of venom (weapon)
 T - the +0 shortbow "Veapnid" {flame, rF+ Will+ Dex+4}
   (You bought it in a shop on level 10 of the Dungeon)

   Dex+4:     It affects your dexterity (+4).
   rF+:       It protects you from fire.
   Will+:     It increases your willpower.
Armour
 v - a +2 hat (worn)
 H - an orb of guile
 I - a +2 robe of willpower (worn)
 M - a +0 cloak (worn)
 U - a +0 buckler
Jewellery
 f - a ring of fire
 r - a ring of resist corrosion
 A - a ring of positive energy
 B - a ring of willpower
 L - the ring "Taerigee" (right hand) {rPois rF++ rC+ Int-3}
   (You took it off an orc on level 7 of the Dungeon)

   [ring of protection from cold]

   Int-3:     It affects your intelligence (-3).
   rF++:      It greatly protects you from fire.
   rC+:       It protects you from cold.
   rPois:     It protects you from poison
 N - an amulet of guardian spirit (around neck)
 R - a +5 ring of evasion (left hand)
Wands
 x - a wand of light (10)
 y - a wand of flame (11)
 D - a wand of paralysis (8)
 E - a wand of mindburst (10)
Scrolls
 b - a scroll of butterflies
 d - 2 scrolls of enchant armour
 g - 3 scrolls of teleportation
 h - a scroll of immolation
 k - a scroll of fog {unknown}
 m - a scroll of torment {unknown}
 n - a scroll of revelation {unknown}
 s - 2 scrolls of fear
 t - 2 scrolls of poison {unknown}
 u - a scroll of vulnerability {unknown}
 C - 2 scrolls of identify {unknown}
 J - a scroll of summoning {unknown}
 O - a scroll of enchant weapon {unknown}
 S - a scroll of silence {unknown}
 V - a scroll of brand weapon {unknown}
 W - a scroll of acquirement {unknown}
Potions
 a - 2 potions of berserk rage {unknown}
 c - 4 potions of degeneration {unknown}
 e - 5 potions of attraction {unknown}
 j - 5 potions of enlightenment {unknown}
 l - 3 potions of heal wounds
 o - 3 potions of mutation {unknown}
 p - 6 potions of curing
 F - 3 potions of lignification {unknown}
 G - a potion of magic {unknown}
 P - a potion of cancellation {unknown}
 Q - a potion of might {unknown}


   Skills:
 + Level 8.0 Fighting
 * Level 13.7 Ranged Weapons
 + Level 12.3 Dodging
 - Level 1.5 Stealth
 + Level 7.1 Invocations


You had 11 spell levels left.
You didn't know any spells.
Your spell library contained the following spells:

 Spells                   Type           Power      Damage    Failure   Level
 Apportation              Tloc           0%         N/A       41%         1
 Freeze                   Ice            0%         1d3       41%         1
 Jinxbite                 Hex            0%         N/A       54%         2
 Frozen Ramparts          Ice            0%         1d1       78%         3
 Gell's Gravitas          Tloc           0%         N/A       78%         3
 Hailstorm                Conj/Ice       0%         3d5       78%         3
 Teleport Other           Tloc           0%         N/A       78%         3
 Leda's Liquefaction      Tmut/Erth      0%         N/A       99%         4
 Alistair's Intoxication  Tmut/Pois      0%         N/A       100%        5
 Lee's Rapid Deconstruct  Erth           0%         3d4*      100%        5
 Bombard                  Conj/Erth      0%         9d1       100%        6
 Dispersal                Tloc           0%         N/A       100%        6


Dungeon Overview and Level Annotations

Branches:
Dungeon (12/15)            Temple (1/1) D:7            Lair (0/5) D:8
    Orc (0/2) D:9

Altars:
Ashenzari
Cheibriados
Dithmenos
Elyvilon
Fedhas
Gozag
Hepliaklqana
Kikubaaqudgha
Makhleb
Nemelex Xobeh
Okawaru
Qazlal
Ru
Sif Muna
Trog
Uskayaw
Vehumet
Wu Jian
Xom
Yredelemnul
Zin
The Shining One

Shops:
D:5 !   D:10 ((**   D:11 (

Annotations:
D:12 Jorgrun


Innate Abilities, Weirdness & Mutations

You are very small and have problems with some larger weapons.
You are too small for most types of armour.
You have supernaturally acute eyesight. (SInv)
You cover ground extremely quickly. (Speed+++)


Message History

You shoot an arrow. The arrow completely misses Jorgrun.
You shoot an arrow. The arrow hits Jorgrun!
Jorgrun is moderately wounded.
You shoot an arrow. The arrow closely misses Jorgrun.
Your +0 dagger of venom begins to drip with poison!
K - a +0 dagger of venom (weapon)
Jorgrun is no longer blind.
You hit Jorgrun.
Jorgrun looks even sicker.
Jorgrun is moderately wounded.
Jorgrun gestures at you while chanting.
Roots burst forth from the earth!
The grasping roots grab you! The grasping roots constrict you!
You hit Jorgrun.
Jorgrun looks as sick as possible!
Jorgrun is moderately wounded.
Jorgrun misses you. The grasping roots constrict you!!
You completely miss Jorgrun.
Jorgrun is moderately wounded.
Okay, then.
Unknown command.
You hit Jorgrun but do no damage.
Jorgrun looks as sick as possible!
Jorgrun is moderately wounded.
Jorgrun is no longer moving slowly.
Jorgrun hits you with a staff of earth! Jorgrun shatters you.
The grasping roots constrict you!
Okay, then.
Press: ? - help, v - describe, . - travel
Here: Jorgrun, wielding a staff of earth and wearing a +0 robe (moderately wounded, extremely poisoned)
The floor.
You fade into invisibility!
Jorgrun misses you. The grasping roots constrict you!
* * * LOW HITPOINT WARNING * * *
You feel much better. Jorgrun hits you with a staff of earth!
* * * LOW HITPOINT WARNING * * *
The grasping roots constrict you!
* * * LOW HITPOINT WARNING * * *
The roots grasp on you weakens, but your attempt to escape fails.
Jorgrun mutters some incantations to himself.
Jorgrun completely misses you. The grasping roots constrict you!
You die...
Fedhas appreciates your contribution to the ecosystem.

#.........#.......#.
#.........#.......#.
########...####..##......#.
#.....####'###. .##......#.
#......#....#. ##..######
#.....##.........##..##..##
###'####....#...........^..
#...........#..............
#.....###g@##.#########....
#.....#.....# #....##
#.....#(...... #.#..##
#.....#.......# #.#....
#.....#.......# #.#....
#######.......# #.#..##
....###.# #.#..# ..... .#
#(#... ..#...


You could see Jorgrun (unable to see you, extremely poisoned).

Vanquished Creatures
  Snorg (D:11)
  Erolcha (D:11)
  Erica (D:8)
  A boulder beetle (D:11)
  The ghost of paps the Covert, a novice OpSh of Gozag (D:7)
  Lodul (D:11)
  A cyclops (D:7)
  A manticore (D:12)
  Jeremiah (D:7)
  A komodo dragon (D:11)
  A troll (D:7)
  A hornet (D:11)
  Grinder (D:5)
  5 slime creatures
  2 wraiths (D:12)
  25 yaks
  A steam dragon (D:6)
  Edmund (D:4)
  3 water moccasins
  4 acid dragons
  5 orc warriors
  2 black bears
  2 sky beasts
  2 wolves (D:8)
  11 ogres
  8 centaurs
  A phantom (D:4)
  4 kobold brigands
  3 bullfrogs
  A gnoll sergeant (D:11)
  3 scorpions
  3 wights (D:6)
  6 killer bees (D:11)
  An electric eel (D:10)
  4 howler monkeys
  3 quasits (D:7)
  3 hounds (D:6)
  11 orc priests
  4 iguanas
  15 orc wizards
  4 gnolls (D:11)
  6 adders
  2 white imps
  2 worms
  2 dart slugs
  39 orcs
  5 ball pythons
  10 bats
  12 endoplasms
  3 giant cockroaches (D:1)
  8 goblins
  10 hobgoblins
  2 jackals (D:5)
  2 quokkas
  7 frilled lizards
  24 kobolds
  7 rats
291 creatures vanquished.

Vanquished Creatures (others)
  A sleepcap (D:8)
1 creature vanquished.

Grand Total: 292 creatures vanquished

Notes
Turn   | Place    | Note
-------+----------+-------------------------------------------
     0 | D:1      | Bnni the Spriggan Hunter began the quest for the Orb.
     0 | D:1      | Reached XP level 1. HP: 10/10 MP: 2/2
   122 | D:1      | Reached XP level 2. HP: 15/15 MP: 3/3
   330 | D:1      | Reached XP level 3. HP: 18/18 MP: 4/4
   995 | D:2      | Reached XP level 4. HP: 23/23 MP: 5/5
  1730 | D:3      | Reached skill level 5 in Ranged Weapons
  2267 | D:4      | Noticed a scorpion
  2296 | D:4      | Killed a scorpion
  2297 | D:4      | Reached XP level 5. HP: 27/27 MP: 6/6
  2298 | D:4      | Noticed a phantom
  2312 | D:4      | Killed a phantom
  2422 | D:4      | Noticed a centaur
  2430 | D:4      | Killed a centaur
  2431 | D:4      | Reached skill level 6 in Ranged Weapons
  2431 | D:4      | Reached XP level 6. HP: 29/32 MP: 7/7
  2468 | D:4      | Noticed Edmund
  2482 | D:4      | Killed Edmund
  2483 | D:4      | Reached skill level 5 in Dodging
  2595 | D:5      | Entered Level 5 of the Dungeon
  2670 | D:5      | Reached XP level 7. HP: 36/36 MP: 8/8
  2755 | D:5      | Reached skill level 7 in Ranged Weapons
  2956 | D:5      | Noticed Grinder
  2957 | D:5      | Paralysed by Grinder for 2 turns
  2973 | D:5      | Paralysed by Grinder for 4 turns
  2987 | D:5      | Killed Grinder
  3143 | D:5      | Reached XP level 8. HP: 42/42 MP: 9/9
  3392 | D:5      | Found Nudiach's Distillery.
  3399 | D:5      | Bought a potion of heal wounds for 75 gold pieces
  3399 | D:5      | Bought a potion of curing for 45 gold pieces
  3428 | D:5      | Found the amulet of Elemental Vulnerability {rPois rF--
                  | rC-- AC+8}
  3446 | D:5      | Reached skill level 8 in Ranged Weapons
  3798 | D:6      | Found a hazy altar of Hepliaklqana.
  3884 | D:6      | Found a glowing golden altar of the Shining One.
  3912 | D:6      | Reached skill level 9 in Ranged Weapons
  3960 | D:6      | Reached skill level 5 in Fighting
  4131 | D:6      | Reached XP level 9. HP: 40/47 MP: 10/10
  4164 | D:6      | Found a burning altar of Makhleb.
  4347 | D:7      | Found a staircase to the Ecumenical Temple.
  4358 | Temple   | Entered the Ecumenical Temple
  4426 | Temple   | Became a worshipper of Fedhas Madash
  4684 | D:7      | Reached skill level 1 in Invocations
  4740 | D:7      | Found a transporter.
  4794 | D:7      | Noticed paps's ghost (novice OpSh)
  4804 | D:7      | Found a transporter.
  4855 | D:7      | Noticed Jeremiah
  4988 | D:7      | Found a transporter.
  4991 | D:7      | Identified the ring "Taerigee" {rPois rF++ rC+ Int-3}
  4992 | D:7      | Noticed a troll
  5026 | D:7      | Noticed a cyclops
  5034 | D:7      | Killed Jeremiah
  5169 | D:7      | Reached skill level 10 in Ranged Weapons
  5573 | D:7      | Found a transporter.
  5838 | D:7      | Found a basalt altar of Yredelemnul.
  5995 | D:7      | Killed paps's ghost
  6190 | D:5      | Bought a potion of invisibility for 120 gold pieces
  6288 | D:7      | Killed a cyclops
  6291 | D:7      | Reached * piety under Fedhas
  6292 | D:7      | Reached XP level 10. HP: 53/53 MP: 13/13
  6347 | D:7      | Identified the +0 hat of Pantheism {Str+3}
  6544 | D:8      | Reached skill level 11 in Ranged Weapons
  6850 | D:8      | Found a staircase to the Lair.
  6920 | D:8      | Reached skill level 10 in Dodging
  6921 | D:8      | Noticed Erica
  6940 | D:8      | Reached ** piety under Fedhas
  6963 | D:8      | Killed Erica
  7518 | D:9      | Found a staircase to the Orcish Mines.
  7805 | D:9      | Found a shadowy altar of Dithmenos.
  7970 | D:9      | Reached skill level 5 in Invocations
  7978 | D:9      | Reached skill level 12 in Ranged Weapons
  8311 | D:10     | Entered Level 10 of the Dungeon
  8608 | D:10     | Reached *** piety under Fedhas
  8615 | D:10     | Found Wailaukh's Assorted Antiques.
  8626 | D:10     | Bought a scroll labelled OTIGYMNAGY for 28 gold pieces
  8718 | D:10     | Reached XP level 11. HP: 36/58 MP: 9/15
  8951 | D:10     | Found Oghud's Antique Weapon Emporium.
  9052 | D:10     | Found Sixuofa's Antique Weapon Boutique.
  9055 | D:10     | Bought a pitted shortbow for 160 gold pieces
  9055 | D:10     | Identified the +0 shortbow "Veapnid" {flame, rF+ Will+
                  | Dex+4} (You bought it in a shop on level 10 of the Dungeon)
  9120 | D:10     | Found Nirusuis's Assorted Antiques.
  9913 | D:11     | Reached **** piety under Fedhas
  9964 | D:11     | Noticed Lodul
  9972 | D:11     | Killed Lodul
 10013 | D:11     | Reached skill level 13 in Ranged Weapons
 10072 | D:11     | Noticed a boulder beetle
 10093 | D:11     | Killed a boulder beetle
 10120 | D:11     | Noticed Snorg
 10130 | D:11     | Noticed Erolcha
 10149 | D:11     | Killed Erolcha
 10159 | D:11     | Killed Snorg
 10373 | D:11     | Found Giomut's Antique Weapon Shoppe.
 11119 | D:12     | Reached XP level 12. HP: 64/64 MP: 18/18
 11193 | D:12     | Reached ***** piety under Fedhas
 11441 | D:12     | Noticed Jorgrun
 11455 | D:12     | Constricted to death by Jorgrun

Illustrated notes

Levels and vault maps discovered:
D:1:      dpeg_arrival_subterranean_lakeside_camping, layout_loops_ring,
          columned_hall_lemuel
D:2:      layout_basic
D:3:      layout_basic
D:4:      layout_gridville, uniq_edmund
D:5:      layout_cave_pods, serial_shops, shop, uniq_grinder
D:6:      layout_rooms, lemuel_round_altar, tso_oasis_becter,
          makhleb_heckhound_becter
D:7:      gammafunk_beogh_shrine, layout_layer_cave,
          mainiacjoe_overflow_alcove_4, minmay_temple_entry_glassed_door,
          gammafunk_ghost_stat_death, uniq_jeremiah
D:8:      layout_cave_pools, erik_lair_orcish_takeover, serial_rivers,
          chequers_serial_rivers_large_b, chequers_serial_rivers_micro_a,
          chequers_serial_rivers_micro_d, chequers_serial_rivers_small_3,
          chequers_serial_rivers_small_3, chequers_serial_rivers_room_b,
          hex_medium, uniq_erica
D:9:      layout_irregular_city, nicolae_dithmenos_the_darkroom, orc_0_dummy
D:10:     layout_layer_cave, serial_shops, shop, nicolae_shop_back_alley_shop,
          kennysheep_mini, nicolae_shop_hallway_stairs, fountainhead
D:11:     layout_big_octagon, serial_shops, shop, uniq_lodul, uniq_snorg,
          uniq_erolcha
D:12:     layout_gridville, minivault_27, uniq_jorgrun, uniq_maurice
Temple:   minmay_temple_bridge_d

Skill      XL: |  1  2  3  4  5  6  7  8  9 10 11 12 |
---------------+-------------------------------------+-----
Dodging        | 3 4 5 6 8 9 10 12 | 12.3
Fighting       | 2 3 4 5 6 7 8 |  8.0
Ranged Weapons | 5 6 7 9 10 12 13 | 13.7
Invocations    | 3 5 7 |  7.1
Stealth        | |  1.5

Action                     |  1- 3 |  4- 6 |  7- 9 | 10-12 || total
---------------------------+-------+-------+-------+-------++-------
  Melee: Dagger            |       |       |       |    26 ||    26
         Punch             |       |       |       |     2 ||     2
   Fire: Shortbow          |   112 |    94 |       |       ||   206
         Orcbow            |       |    30 |   299 |   659 ||   988
  Throw: Dart              |       |     4 |     2 |     7 ||    13
  Evoke: Wand              |       |       |       |     4 ||     4
    Use: Potion            |       |       |     1 |     2 ||     3
         Scroll            |       |       |       |     5 ||     5
   Stab: Invisible         |       |       |       |     1 ||     1
 Armour: Robe              |     7 |     8 |    37 |    86 ||   138
  Dodge: Dodged            |    19 |    49 |   138 |   376 ||   582

Table legend: (Time is in decaauts)
 A = Elapsed time spent in this place.
 B = Non-inter-level travel time spent in this place.
 C = Inter-level travel time spent in this place.
 D = Time resting spent in this place.
 E = Time spent auto-exploring this place.
 F = Levels seen in this place.
 G = Mean time per level.
                   A        B        C        D        E       F      G
               +--------+--------+--------+--------+--------+-----+--------+
         Total |   8160 |   7699 |    461 |    474 |   5339 |  13 |  627.7 |
       Dungeon |   8076 |   7696 |    380 |    474 |   5339 |  12 |  673.0 |
        Temple |     83 |      3 |     80 |      0 |      0 |   1 |   83.0 |
               +--------+--------+--------+--------+--------+-----+--------+

Top non-repeatable levels by time:
     D:7: 1345 daAuts
    D:11: 993 daAuts
    D:10: 979 daAuts
     D:8: 756 daAuts
     D:5: 751 daAuts
     D:2: 695 daAuts
     D:6: 596 daAuts
     D:9: 591 daAuts
     D:1: 460 daAuts
     D:3: 354 daAuts
    D:12: 304 daAuts
     D:4: 246 daAuts
  Temple: 83 daAuts
